3106 views
Uploaded 2020-02-10 23:58:45
Game version 1.32 / 1.32.1
21:29 long 2on2 ladder game on (4)TidewaterGlades_LV
Saved by Grim
3106 views
Uploaded 2020-02-10 23:58:45
Game version 1.32 / 1.32.1
21:29 long 2on2 ladder game on (4)TidewaterGlades_LV


65 units @ 8.7k
/ 1.7k
30 buildings @ 5.3k
/ 2.2k



| Healing Salve | 4 | 400 |
| Lesser Clarity Potion | 3 | 210 |
| Scroll of Speed | 2 | 100 |
| Potion of Mana | 1 | 200 |
| Orb of Lightning | 2 | 750 |
| Scroll of Town Portal | 2 | 700 |
| total: | 14 | 2360g |
| Peon | 7 | 525 | / | 0 |
| Grunt | 3 | 600 | / | 0 |
| Raider | 3 | 540 | / | 120 |
| Spirit Walker | 3 | 585 | / | 105 |
| Kodo Beast | 2 | 510 | / | 120 |
| Troll Berserker | 5 | 700 | / | 100 |
| Tauren | 5 | 1400 | / | 400 |
| Goblin Zeppelin | 2 | 480 | / | 120 |
| total: | 30 | 5340g | / | 965w |
| Altar of Storms | 2 | 360 | / | 100 |
| Orc Burrow | 7 | 1120 | / | 280 |
| Voodoo Lounge | 1 | 130 | / | 30 |
| Barracks | 1 | 180 | / | 50 |
| War Mill | 1 | 205 | / | 0 |
| Beastiary | 1 | 145 | / | 140 |
| Tauren Totem | 1 | 135 | / | 155 |
| Stronghold | 2 | 630 | / | 380 |
| Fortress | 2 | 650 | / | 380 |
| total: | 14 | 2275g | / | 755w |
| 0:03 | Peon |
| 0:03 | Peon |
| 0:09 | Altar of Storms |
| 0:11 | Altar of Storms |
| 0:21 | Orc Burrow |
| 0:23 | Peon |
| 0:34 | Peon |
| 0:49 | Peon |
| 0:54 | Voodoo Lounge |
| 1:21 | Peon |
| 1:30 | Barracks |
| 1:41 | Peon |
| 2:10 | Healing Salve |
| 2:10 | Lesser Clarity Potion |
| 2:11 | Scroll of Speed |
| 2:16 | Wind Walk |
| 2:29 | Stronghold |
| 2:35 | Grunt |
| 3:03 | Orc Burrow |
| 3:39 | War Mill |
| 4:07 | Grunt |
| 4:40 | Grunt |
| 4:43 | Orc Burrow |
| 4:50 | Healing Salve |
| 5:00 | Beastiary |
| 5:03 | Tauren Totem |
| 5:33 | Critical Strike |
| 6:02 | Raider |
| 6:02 | Ensnare |
| 6:32 | Orc Burrow |
| 6:33 | Spirit Walker |
| 6:45 | Hex |
| 7:49 | Raider |
| 7:51 | Spirit Walker |
| 7:56 | Fortress |
| 8:05 | Lesser Clarity Potion |
| 8:06 | Healing Salve |
| 8:06 | Scroll of Speed |
| 8:13 | Spirit Walker Adept Training |
| 8:47 | Kodo Beast |
| 9:06 | Spirit Walker |
| 9:35 | Healing Wave |
| 9:51 | Orc Burrow |
| 9:52 | Reinforced Defenses |
| 9:53 | Steel Armor |
| 9:58 | Critical Strike |
| 10:31 | War Drums Damage Increase |
| 10:33 | Berserker Upgrade |
| 10:36 | Orc Burrow |
| 10:40 | Spirit Walker Master Training |
| 10:45 | Lesser Clarity Potion |
| 10:47 | Potion of Mana |
| 10:58 | Healing Salve |
| 11:07 | Pillage |
| 12:06 | Orc Burrow |
| 12:07 | Raider |
| 12:09 | Troll Berserker |
| 12:59 | Goblin Zeppelin |
| 12:59 | Goblin Zeppelin |
| 13:42 | Tauren |
| 14:42 | Healing Wave |
| 15:54 | Tauren |
| 15:55 | Troll Berserker |
| 15:57 | Kodo Beast |
| 16:37 | Troll Berserker |
| 16:37 | Troll Berserker |
| 17:08 | Orb of Lightning |
| 17:08 | Orb of Lightning |
| 17:17 | Scroll of Town Portal |
| 17:17 | Scroll of Town Portal |
| 18:00 | Pulverize |
| 18:03 | Thorium Armor |
| 18:36 | Tauren |
| 19:05 | Troll Berserker |
| 19:26 | Acid Bomb |
| 19:58 | Tauren |
| 19:58 | Tauren |
| 20:58 | Hex |
| 21:01 | Chemical Rage |
| 21:07 | Wind Walk |
| 21:23 | Chemical Rage |
| Select group | 1834 |
| Right click | 1616 |
| Select | 283 |
| Build/train/purchase | 116 |
| Misc. action | 91 |
| Use ability | 83 |
| Assign group | 64 |
| Minimap ping | 7 |
| Item give/drop | 2 |


| Lesser Clarity Potion | 2 | 140 |
| Staff of Preservation | 1 | 150 |
| Potion of Healing | 3 | 450 |
| Scroll of Healing | 7 | 1750 |
| Boots of Speed | 1 | 250 |
| Staff of Teleportation | 1 | 150 |
| Potion of Lesser Invulnerability | 2 | 300 |
| total: | 17 | 3190g |
| Wisp | 20 | 1200 | / | 0 |
| Archer | 1 | 130 | / | 10 |
| Dryad | 11 | 1595 | / | 660 |
| Faerie Dragon | 3 | 465 | / | 75 |
| total: | 35 | 3390g | / | 745w |
| Altar of Elders | 1 | 180 | / | 50 |
| Moon Well | 6 | 1080 | / | 240 |
| Ancient of War | 1 | 150 | / | 60 |
| Ancient of Wonders | 1 | 90 | / | 30 |
| Hunter's Hall | 1 | 210 | / | 100 |
| Tree of Life | 2 | 680 | / | 370 |
| Ancient of Lore | 3 | 465 | / | 435 |
| Ancient of Wind | 1 | 150 | / | 140 |
| Tree of Ages | 2 | 640 | / | 360 |
| Tree of Eternity | 2 | 660 | / | 400 |
| total: | 16 | 3005g | / | 1425w |
| 0:02 | Wisp |
| 0:02 | Wisp |
| 0:04 | Wisp |
| 0:06 | Wisp |
| 0:08 | Altar of Elders |
| 0:18 | Moon Well |
| 0:23 | Ancient of War |
| 0:31 | Wisp |
| 0:31 | Wisp |
| 0:40 | Wisp |
| 0:46 | Wisp |
| 0:54 | Wisp |
| 1:06 | Wisp |
| 1:15 | Wisp |
| 1:20 | Wisp |
| 1:26 | Archer |
| 1:29 | Wisp |
| 1:41 | Moon Well |
| 1:51 | Wisp |
| 2:02 | Moon Well |
| 2:08 | Entangling Roots |
| 2:34 | Wisp |
| 2:35 | Wisp |
| 3:03 | Tree of Ages |
| 3:26 | Ancient of Wonders |
| 3:28 | Hunter's Hall |
| 5:09 | Boots of Speed |
| 5:11 | Staff of Teleportation |
| 5:37 | Cleaving Attack |
| 5:42 | Ancient of Lore |
| 5:43 | Ancient of Lore |
| 5:50 | Ancient of Lore |
| 5:59 | Moon Well |
| 6:21 | Strength of the Wild |
| 6:21 | Improved Strength of the Wild |
| 6:23 | Moon Well |
| 6:25 | Force of Nature |
| 7:11 | Dryad |
| 7:28 | Dryad |
| 7:29 | Reinforced Hides |
| 7:42 | Lesser Clarity Potion |
| 7:42 | Staff of Preservation |
| 7:52 | Dryad |
| 8:05 | Dryad |
| 8:31 | Dryad |
| 8:46 | Howl of Terror |
| 8:54 | Abolish Magic |
| 9:09 | Dryad |
| 9:12 | Wisp |
| 9:12 | Wisp |
| 9:28 | Force of Nature |
| 9:38 | Potion of Lesser Invulnerability |
| 9:59 | Cleaving Attack |
| 10:14 | Tree of Life |
| 10:27 | Dryad |
| 11:01 | Potion of Healing |
| 11:08 | Lesser Clarity Potion |
| 11:25 | Advanced Strength of the Wild |
| 11:34 | Dryad |
| 11:49 | Tree of Life |
| 12:08 | Moon Well |
| 12:15 | Howl of Terror |
| 13:04 | Scroll of Healing |
| 13:17 | Scroll of Healing |
| 13:17 | Scroll of Healing |
| 13:28 | Dryad |
| 13:42 | Improved Reinforced Hides |
| 13:45 | Ultravision |
| 15:18 | Entangling Roots |
| 15:22 | Cleaving Attack |
| 15:41 | Dryad |
| 15:44 | Wisp |
| 16:10 | Scroll of Healing |
| 16:10 | Scroll of Healing |
| 16:10 | Scroll of Healing |
| 16:42 | Wisp |
| 16:59 | Potion of Lesser Invulnerability |
| 17:14 | Ancient of Wind |
| 17:15 | Dryad |
| 17:40 | Tree of Eternity |
| 18:03 | Potion of Healing |
| 18:04 | Potion of Healing |
| 18:22 | Faerie Dragon |
| 18:22 | Faerie Dragon |
| 18:37 | Scroll of Healing |
| 18:54 | Faerie Dragon |
| 20:05 | Hardened Skin |
| 20:55 | Force of Nature |
| 21:23 | Doom |
| Right click | 1462 |
| Select group | 1296 |
| Select | 406 |
| Build/train/purchase | 127 |
| Misc. action | 126 |
| Assign group | 87 |
| Use ability | 77 |
| Resource trade | 12 |
| Item give/drop | 8 |
| Esc | 6 |
68 units @ 12.8k
/ 2k
30 buildings @ 4.7k
/ 1.9k



| Rod of Necromancy | 2 | 300 |
| Orb of Corruption | 1 | 375 |
| Potion of Healing | 1 | 150 |
| Scroll of Healing | 1 | 250 |
| Circlet of Nobility | 1 | 175 |
| total: | 6 | 1250g |
| Acolyte | 2 | 150 | / | 0 |
| Ghoul | 3 | 360 | / | 0 |
| Crypt Fiend | 15 | 3225 | / | 600 |
| Obsidian Statue | 8 | 1600 | / | 280 |
| total: | 28 | 5335g | / | 880w |
| Crypt | 1 | 200 | / | 50 |
| Altar of Darkness | 2 | 360 | / | 100 |
| Ziggurat | 7 | 1050 | / | 350 |
| Graveyard | 1 | 215 | / | 0 |
| Tomb of Relics | 2 | 260 | / | 60 |
| Slaughterhouse | 1 | 140 | / | 135 |
| Halls of the Dead | 1 | 320 | / | 210 |
| Black Citadel | 2 | 650 | / | 460 |
| total: | 14 | 2225g | / | 695w |
| 0:03 | Acolyte |
| 0:09 | Crypt |
| 0:12 | Altar of Darkness |
| 0:16 | Altar of Darkness |
| 0:19 | Acolyte |
| 0:33 | Ziggurat |
| 0:57 | Graveyard |
| 1:10 | Tomb of Relics |
| 1:14 | Tomb of Relics |
| 1:28 | Ghoul |
| 1:35 | Ghoul |
| 1:58 | Ziggurat |
| 2:19 | Crypt Fiend |
| 2:20 | Death Coil |
| 2:27 | Rod of Necromancy |
| 3:30 | Crypt Fiend |
| 3:42 | Crypt Fiend |
| 4:20 | Ghoul |
| 4:21 | Halls of the Dead |
| 4:42 | Ziggurat |
| 5:01 | Crypt Fiend |
| 5:33 | Unholy Aura |
| 5:39 | Crypt Fiend |
| 6:12 | Crypt Fiend |
| 6:14 | Ziggurat |
| 7:10 | Slaughterhouse |
| 7:57 | Crypt Fiend |
| 8:04 | Black Citadel |
| 8:12 | Frost Armor |
| 8:16 | Rod of Necromancy |
| 8:29 | Obsidian Statue |
| 8:29 | Crypt Fiend |
| 9:11 | Obsidian Statue |
| 9:23 | Burrow |
| 9:38 | Death Coil |
| 10:26 | Orb of Corruption |
| 10:38 | Ziggurat |
| 10:50 | Silence |
| 10:52 | Creature Attack |
| 10:58 | Destroyer Form |
| 11:15 | Scroll of Healing |
| 11:19 | Circlet of Nobility |
| 11:49 | Crypt Fiend |
| 12:00 | Obsidian Statue |
| 12:26 | Ziggurat |
| 12:57 | Frost Nova |
| 13:11 | Improved Creature Attack |
| 13:48 | Obsidian Statue |
| 13:50 | Ziggurat |
| 14:16 | Web |
| 14:43 | Black Arrow |
| 15:38 | Crypt Fiend |
| 15:59 | Obsidian Statue |
| 16:15 | Potion of Healing |
| 16:24 | Frost Nova |
| 16:40 | Crypt Fiend |
| 16:42 | Crypt Fiend |
| 17:04 | Obsidian Statue |
| 17:44 | Crypt Fiend |
| 17:45 | Obsidian Statue |
| 18:02 | Creature Carapace |
| 18:21 | Crypt Fiend |
| 18:38 | Death Pact |
| 18:48 | Ghoul Frenzy |
| 19:46 | Obsidian Statue |
| 19:47 | Crypt Fiend |
| 20:49 | Silence |
| Right click | 1486 |
| Select group | 1171 |
| Assign group | 492 |
| Select | 302 |
| Build/train/purchase | 100 |
| Use ability | 74 |
| Minimap ping | 22 |
| Misc. action | 12 |
| Chat | 4 |
| Item give/drop | 2 |


| Healing Salve | 1 | 100 |
| total: | 1 | 100g |
| Peon | 9 | 675 | / | 0 |
| Grunt | 11 | 2200 | / | 0 |
| Shaman | 5 | 650 | / | 100 |
| Tauren | 12 | 3360 | / | 960 |
| Spirit Walker | 3 | 585 | / | 105 |
| total: | 40 | 7470g | / | 1165w |
| Altar of Storms | 1 | 180 | / | 50 |
| Orc Burrow | 7 | 1120 | / | 280 |
| Barracks | 1 | 180 | / | 50 |
| Voodoo Lounge | 1 | 130 | / | 30 |
| War Mill | 1 | 205 | / | 0 |
| Spirit Lodge | 1 | 150 | / | 150 |
| Tauren Totem | 4 | 540 | / | 620 |
| Stronghold | 1 | 315 | / | 190 |
| Fortress | 1 | 325 | / | 190 |
| total: | 16 | 2505g | / | 1180w |
| 0:03 | Peon |
| 0:03 | Peon |
| 0:07 | Altar of Storms |
| 0:18 | Orc Burrow |
| 0:36 | Barracks |
| 0:37 | Peon |
| 0:37 | Peon |
| 0:47 | Peon |
| 0:55 | Peon |
| 1:18 | Peon |
| 1:25 | Orc Burrow |
| 1:39 | Grunt |
| 1:43 | Peon |
| 1:57 | Peon |
| 2:09 | Wind Walk |
| 2:29 | Grunt |
| 2:36 | Voodoo Lounge |
| 2:58 | Grunt |
| 3:48 | War Mill |
| 3:50 | Stronghold |
| 3:54 | Orc Burrow |
| 4:29 | Grunt |
| 4:29 | Grunt |
| 4:37 | Grunt |
| 5:05 | Steel Melee Weapons |
| 5:09 | Orc Burrow |
| 5:48 | Grunt |
| 5:57 | Critical Strike |
| 6:06 | Orc Burrow |
| 6:23 | Spirit Lodge |
| 7:56 | Grunt |
| 7:59 | Healing Wave |
| 8:06 | Healing Salve |
| 8:07 | Berserker Strength |
| 8:09 | Fortress |
| 8:12 | Orc Burrow |
| 8:14 | Shaman Adept Training |
| 8:16 | Steel Armor |
| 8:33 | Grunt |
| 9:03 | Wind Walk |
| 9:25 | Grunt |
| 9:30 | Tauren Totem |
| 9:32 | Shaman |
| 9:34 | Grunt |
| 10:17 | Tauren Totem |
| 10:30 | Tauren Totem |
| 10:42 | Shaman Master Training |
| 10:48 | Tauren |
| 11:09 | Shaman |
| 11:37 | Tauren |
| 11:44 | Tauren |
| 12:24 | Tauren Totem |
| 13:02 | Tauren |
| 13:20 | Thorium Melee Weapons |
| 13:23 | Orc Burrow |
| 13:26 | Shaman |
| 13:42 | Hex |
| 13:51 | Spirit Walker Adept Training |
| 13:52 | Tauren |
| 15:13 | Tauren |
| 15:47 | Tauren |
| 16:11 | Tauren |
| 16:41 | Pulverize |
| 16:52 | Shaman |
| 16:55 | Spirit Walker Master Training |
| 17:13 | Tauren |
| 17:31 | Shaman |
| 17:35 | Tauren |
| 18:12 | Spirit Walker |
| 18:38 | Spirit Walker |
| 19:06 | Spirit Walker |
| 19:55 | Tauren |
| 21:02 | Critical Strike |
| 21:06 | Tauren |
| Right click | 942 |
| Select | 314 |
| Select group | 126 |
| Build/train/purchase | 81 |
| Assign group | 30 |
| Use ability | 9 |
| Remove unit | 5 |
| Minimap ping | 4 |
| Item give/drop | 2 |
| Misc. action | 1 |